 Dungeon Crawl Stone Soup version 0.28.0-53-g5a82cb258f (webtiles) character file.

Game seed: 13103072654684759899

425 Zeld the Conjurer (level 6, -2/67 HPs)
             Began as a Draconian Conjurer on June 8, 2022.
             Slain by a mummy (3 damage)
             ... in an ossuary.
             The game lasted 00:03:46 (5244 turns).

Zeld the Conjurer (Draconian Conjurer)              Turns: 5244, Time: 00:03:46

Health: -2/67      AC: 23    Str: 10 (11) XL:     6   Next: 64%
Magic:  3/11       EV:  2    Int: 19 (20) God:
Gold:   125        SH:  0    Dex:  9 (10) Spells: 1/12 levels left

rFire   . . .      SeeInvis .   (no weapon)
rCold   . . .      Faith    .   (no shield)
rNeg    . . .      Spirit   .   (armour unavailable)
rPois   +          Reflect  .   (helmet currently unavailable)
rElec   .          Harm     .   (cloak currently unavailable)
rCorr   .          Rampage  .   (gloves currently unavailable)
Will    .....      NoTele   +   (boots currently unavailable)
Stlth   ++........              (no amulet)
HPRegen 0.21/turn               (no ring)
MPRegen 0.12/turn               (no ring)

@: mighty, tree-form
A: stationary, stasis, torment immunity, boosted hp, AC +6, unfitting armour,
(cold-blooded), (talons 1), strong 1
a: no special abilities


You were in an ossuary.
You were a tree.
You visited 1 branch of the dungeon, and saw 4 of its levels.
You also visited: Ossuary.

You collected 125 gold pieces.

Inventory:

Armour
 b - a +0 pair of boots (melded)
Scrolls
 a - a scroll of blinking {unknown}
 d - 2 scrolls of teleportation {unknown}
 e - a scroll of holy word {unknown}
 f - a scroll of identify {unknown}
 i - a scroll of vulnerability {unknown}
 k - a scroll of magic mapping {unknown}
Potions
 h - a potion of lignification


   Skills:
 + Level 3.3 Dodging
 - Level 1.7 Stealth
 + Level 3.8 Spellcasting
 + Level 5.3 Conjurations
 - Level 2.0 Hexes
 - Level 2.0 Translocations


You had one spell level left.
You knew the following spells:

 Your Spells              Type           Power      Damage    Failure   Level
a - Magic Dart            Conj           96%        1d7       1%          1
b - Searing Ray           Conj           48%        2d6       2%          2
c - Fulminant Prism       Conj/Hex       8%         3d7       30%         4
d - Iskenderun's Mystic   Conj/Tloc      17%        2d5       30%         4

Your spell library contained the following spells:

 Spells                   Type           Power      Damage    Failure   Level
 Dazzling Flash           Conj/Hex       34%        N/A       10%         3
 Stone Arrow              Conj/Erth      26%        3d8       14%         3
 Lehudib's Crystal Spear  Conj/Erth      6%         10d3      100%        8
 Animate Armour           Summ/Erth      Unusable   N/A       N/A         4

Dungeon Overview and Level Annotations

Branches:
Dungeon (4/15)            Ossuary (1/1)
 Temple: D:4-7

Altars:
Okawaru

Shops:
D:1 (

Annotations:
D:3 Grinder


Innate Abilities, Weirdness & Mutations

You are a tree.
Your roots penetrate the ground, keeping you stationary.
You cannot be teleported.
You are immune to unholy pain and torment.
Your maximum health is greatly increased.
Your equipment is partially melded.
((Your plain brown scales are hard. (AC +6)))
You cannot fit into any form of body armour.
((You are cold-blooded and may be slowed by cold attacks.))
((You have sharp toenails.))
Your muscles are strong. (Str +2)


Message History

Unknown command.
Unknown command.
You pummel the mummy!!
You destroy the mummy!
The gnoll zombie hits you but does no damage.
The mummy hits you.
* * * LOW HITPOINT WARNING * * *
The mummy hits you but does no damage.
Unknown command.
Unknown command.
You hit the gnoll zombie.
The gnoll zombie is almost destroyed.
Unknown command.
Unknown command.
You pummel the mummy!!
The mummy is almost destroyed.
The orc zombie hits you but does no damage.
The mummy hits you but does no damage. The mummy completely misses you.
Unknown command.
Unknown command.
You smack the orc zombie!
You destroy the orc zombie!
The mummy hits you.
* * * LOW HITPOINT WARNING * * *
Unknown command.
Unknown command.
You cannot move.
Unknown command.
Unknown command.
You smack the mummy!
You destroy the mummy!
The mummy hits you but does no damage.
Unknown command.
Unknown command.
You smack the gnoll zombie!
You destroy the gnoll zombie!
The mummy hits you but does no damage.
The hobgoblin zombie hits you but does no damage.
The mummy hits you.
You die...

##....##
#....#
#....#
#....#
#....#
#....#
#..Z.#
#.MZM#
#.∩♣.#
######


You could see 2 mummies, a hobgoblin zombie and an orc zombie.

Vanquished Creatures
  Sigmund (D:3)
  A scorpion (D:2)
  6 mummies (Ossuary)
  A howler monkey zombie (D:3)
  4 gnolls
  4 adders
  2 dart slugs (D:1)
  An orc (D:3)
  2 endoplasms (D:2)
  3 giant cockroaches
  A gnoll zombie (Ossuary)
  9 goblins
  3 hobgoblins
  4 quokkas (D:1)
  6 ball pythons
  6 bats
  4 frilled lizards
  A hobgoblin zombie (Ossuary)
  2 kobolds (D:1)
  A kobold zombie (Ossuary)
  3 orc zombies (Ossuary)
  3 rats (D:2)
68 creatures vanquished.

Vanquished Creatures (others)
  A fulminant prism (Ossuary)
  2 plants (D:3)
3 creatures vanquished.

Grand Total: 71 creatures vanquished

Notes
Turn   | Place    | Note
-------+----------+-------------------------------------------
     0 | D:1      | Zeld the Draconian Conjurer began the quest for the Orb.
     0 | D:1      | Reached XP level 1. HP: 14/14 MP: 3/3
   195 | D:1      | Reached XP level 2. HP: 15/20 MP: 1/5
   452 | D:1      | Learned a level 2 spell: Searing Ray
   716 | D:1      | Reached skill level 1 in Translocations
   802 | D:1      | Reached skill level 1 in Hexes
  1159 | D:1      | Found Wuckucki's Weapon Shop.
  1282 | D:1      | Reached XP level 3. HP: 26/26 MP: 2/6
  1829 | D:1      | Found Wuckucki's Weapon Shop.
  2232 | D:2      | Noticed a scorpion
  2883 | D:2      | Reached XP level 4. HP: 33/33 MP: 0/7
  3234 | D:2      | Killed a scorpion
  3235 | D:2      | Reached XP level 5. HP: 12/38 MP: 0/9
  3508 | D:2      | Found an iron altar of Okawaru.
  4325 | D:3      | Noticed Sigmund
  4359 | D:3      | Killed Sigmund
  4360 | D:3      | Reached skill level 5 in Conjurations
  4360 | D:3      | Reached XP level 6. HP: 34/45 MP: 1/11
  4367 | D:3      | Learned a level 4 spell: Fulminant Prism
  4372 | D:3      | Learned a level 4 spell: Iskenderun's Mystic Blast
  5072 | D:3      | Noticed Grinder
  5076 | D:3      | Paralysed by Grinder for 3 turns
  5156 | D:4      | Found a sand-covered staircase.
  5165 | Ossuary  | Entered an ossuary
  5221 | Ossuary  | Gained mutation: Your muscles are strong. (Str +2) [potion
                  | of mutation]
  5221 | Ossuary  | Gained mutation: You have sharp toenails. [potion of
                  | mutation]
  5239 | Ossuary  | HP: 2/67 [mummy (5)]
  5244 | Ossuary  | Slain by a mummy

Illustrated notes

Levels and vault maps discovered:
D:1:      amcnicky_arrival_underground_garden, layout_loops_ring, serial_shops,
          shop
D:2:      layout_rooms, basic_altar, solitary_fountain, grunt_decor_cap,
          fountainhead, kennysheep_generic_room_3
D:3:      layout_basic, shapermc_ecumenical_altar_hornbeckon, serial_forest,
          infiniplex_forest_side_room, infiniplex_forest_end_2,
          infiniplex_forest_corner_1, infiniplex_forest_straight_3,
          infiniplex_forest_straight_3, infiniplex_forest_lined_corner,
          infiniplex_forest_straight_2, infiniplex_forest_clump_small,
          infiniplex_forest_clump_cross, infiniplex_forest_zigzag_1,
          skrybe_limestone_x, st_stairs_12, minmay_misc_feat_ornament,
          uniq_sigmund, uniq_grinder
D:4:      layout_loops_ring, lightli_ossuary_entry_decrepit_ruins
Ossuary:  ossuary_tomb_3

Skill      XL: |  1  2  3  4  5 |
---------------+----------------+-----
Translocations | 1 2 |  2.0
Hexes          | 1 2 |  2.0
Dodging        | 2 3 |  3.3
Spellcasting   | 3 |  3.8
Conjurations   | 5 |  5.3
Stealth        | |  1.7

Action                   |  1- 3 |  4- 6 || total
-------------------------+-------+-------++-------
Melee: Unarmed           |    22 |    38 ||    60
       Tailslap          |     4 |     6 ||    10
       Flail             |       |    16 ||    16
 Cast: Magic Dart        |    14 |     7 ||    21
       Searing Ray       |    22 |    24 ||    46
       Iskenderun's Myst |       |     1 ||     1
       Fulminant Prism   |       |     1 ||     1
  Use: Potion            |       |     6 ||     6
Armor: Skin              |    21 |    60 ||    81
Dodge: Dodged            |    37 |    68 ||   105
